 Dungeon Crawl Stone Soup version 0.28.0-43-g3370ac3207 (webtiles) character file.

Game seed: 8399647478094735643

103 xzight the Skirmisher (level 4, -2/29 HPs)
             Began as a Gargoyle Fighter on Mar 18, 2022.
             Slain by Robin
             ... wielding a +3 short sword of holy wrath
              (5 damage)
             ... on level 2 of the Dungeon.
             The game lasted 00:02:08 (1796 turns).

xzight the Skirmisher (Gargoyle Fighter)            Turns: 1796, Time: 00:02:09

Health: -2/29      AC: 14    Str: 21    XL:     4   Next: 79%
Magic:  4/4        EV:  7    Int:  9    God:
Gold:   75         SH:  4    Dex:  9    Spells: 3/3 levels left

rFire   . . .      SeeInvis .   a - +0 war axe
rCold   . . .      Faith    .   c - +0 buckler
rNeg    + . .      Spirit   .   f - +0 chain mail
rPois   ∞          Reflect  .   j - +0 helmet
rElec   +          Harm     .   (no cloak)
rCorr   .          Rampage  .   (no gloves)
Will    .....                   (no boots)
Stlth   ..........              (no amulet)
HPRegen 0.09/turn               (no ring)
MPRegen 0.09/turn               (no ring)

@: mighty
A: sickness immunity, AC +3, negative energy resistance 1, electricity
resistance, torment resistance 1, petrification resistance
a: no special abilities


You were on level 2 of the Dungeon.
You visited 1 branch of the dungeon, and saw 2 of its levels.

You collected 75 gold pieces.


Innate Abilities, Weirdness & Mutations

You are immune to sickness and miasma.
Your stone body is resilient. (AC +3)
You are immune to poison.
You resist negative energy. (rN+)
You are resistant to electric shocks. (rElec)
You are resistant to unholy torment.
You are immune to petrification.


   Skills:
 + Level 4.0 Fighting
 * Level 3.0 Axes
 + Level 3.9 Armour
 + Level 3.9 Shields


You had 3 spell levels left.
You didn't know any spells.
Your spell library was empty.

Inventory:

Hand Weapons
 a - a +0 war axe (weapon)
Armour
 c - a +0 buckler (worn)
 f - a +0 chain mail (worn)
 j - a +0 helmet (worn)
Scrolls
 b - a scroll of noise {unknown}
 e - a scroll of enchant weapon {unknown}
 h - a scroll of torment {unknown}
 i - 2 scrolls of identify {unknown}
 k - a scroll of teleportation {unknown}
Potions
 g - a potion of heal wounds {unknown}

Dungeon Overview and Level Annotations

Branches:
Dungeon (2/15)

Altars:

Annotations:
D:2 Robin

.## .... ###
..... ##.##
......######...##
#.....g@g.......#
#.....######...##
#.... ##.## ###.
#.#### #. #....#
##'# ##....###
##...## #.......#
##.....##
#.......#
##.......##
#.†.....#


You could see Robin and a goblin (strong).


Message History

You kill the goblin!
The goblin barely misses you.
You slash the goblin!
You kill the goblin!
You barely miss the hobgoblin.
Robin says, "My goblins will feast on your bones."
Robin roars a battlecry!
The goblin goes into a battle-frenzy!
The hobgoblin hits you but does no damage.
The hobgoblin hits you.
* * * LOW HITPOINT WARNING * * *
You slash the hobgoblin!
You kill the hobgoblin!
Robin throws the goblin at you!
You slash the hobgoblin!
You kill the hobgoblin!
You closely miss the goblin. You block the goblin's attack.
The goblin hits you but does no damage. Robin hits you but does no damage.
You barely miss Robin. You slash the goblin!
You kill the goblin!
Robin hits you but does no damage.
Your Fighting skill increases to level 4!
You closely miss Robin.
Robin hits you with a +3 short sword of holy wrath.
* * * LOW HITPOINT WARNING * * *
You slash Robin!
Robin is heavily wounded.
Robin throws the goblin at you! The goblin completely misses you.
Robin hits you with a +3 short sword of holy wrath.
You die...

Skill      XL: |  1  2  3  4 |
---------------+-------------+-----
Axes           | 2 3 |  3.0
Fighting       | 4 |  4.0
Armour         | |  3.9
Shields        | |  3.9

Action                   |  1- 3 |  4- 6 || total
-------------------------+-------+-------++-------
Melee: War axe           |    68 |    45 ||   113
  Use: Potion            |       |     1 ||     1
Armor: Chain mail        |    29 |    36 ||    65
       Scale mail        |     1 |       ||     1
Dodge: Dodged            |    21 |    19 ||    40
Block: Buckler           |    12 |     7 ||    19

Levels and vault maps discovered:
D:1:      saegor_arrival_simple_b, layout_basic,
          hellmonk_ecumenical_altar_heavens_door, skrybe_limestone_x,
          palyth_stone_intersect
D:2:      layout_loops_corners, uniq_terence, uniq_robin

Notes
Turn   | Place    | Note
-------+----------+-------------------------------------------
     0 | D:1      | xzight the Gargoyle Fighter began the quest for the Orb.
     0 | D:1      | Reached XP level 1. HP: 14/14 MP: 1/1
   131 | D:1      | Found a faded altar of an unknown god.
   146 | D:1      | Reached skill level 2 in Axes
   367 | D:1      | Reached XP level 2. HP: 19/19 MP: 2/2
  1158 | D:2      | Reached XP level 3. HP: 23/23 MP: 3/3
  1335 | D:2      | Noticed Terence
  1343 | D:2      | Killed Terence
  1380 | D:2      | Reached XP level 4. HP: 28/29 MP: 4/4
  1757 | D:2      | Reached skill level 3 in Axes
  1772 | D:2      | Noticed Robin
  1795 | D:2      | Reached skill level 4 in Fighting
  1796 | D:2      | Slain by Robin

Vanquished Creatures
  Terence (D:2)
  2 adders (D:2)
  2 dart slugs
  5 ball pythons
  An endoplasm (D:1)
  2 giant cockroaches
  12 goblins
  10 hobgoblins
  2 quokkas
  A bat (D:1)
  4 frilled lizards
  5 kobolds
  7 rats
54 creatures vanquished.

Table legend: (Time is in decaauts)
 A = Elapsed time spent in this place.
 B = Non-inter-level travel time spent in this place.
 C = Inter-level travel time spent in this place.
 D = Time resting spent in this place.
 E = Time spent auto-exploring this place.
 F = Levels seen in this place.
 G = Mean time per level.
                   A        B        C        D        E       F      G
               +--------+--------+--------+--------+--------+-----+--------+
         Total |   1842 |   1802 |     40 |     34 |   1433 |   2 |  921.0 |
       Dungeon |   1842 |   1802 |     40 |     34 |   1433 |   2 |  921.0 |
               +--------+--------+--------+--------+--------+-----+--------+

Top non-repeatable levels by time:
     D:1: 1119 daAuts
     D:2: 722 daAuts

Table legend:
 A = Non-vault XP
 B = Vault XP
 C = Vault XP percentage of total XP
 D = Non-vault monster count
 E = Vault monster count
 F = Vault count percentage of total count
                 A         B        C        D         E       F
            +---------+---------+-------+---------+---------+-------
      Total |      91 |      57 |  38.5 |      42 |      12 |  22.2
            +---------+---------+-------+---------+---------+-------
        D:1 |      32 |       0 |   0.0 |      20 |       0 |   0.0
        D:2 |      59 |      57 |  49.1 |      22 |      12 |  35.3
            +---------+---------+-------+---------+---------+-------
